 Dungeon Crawl Stone Soup version 0.23.2 (webtiles) character file.

Game seed: 17427055302909670900

68882 Norn the Fighter (level 14, -7/127 HPs)
             Began as a Grey Draconian Transmuter on Apr 2, 2019.
             Was the Champion of Makhleb.
             Mangled by Jorgrun
             ... wielding an uncursed staff of earth
              (10 damage)
             ... on level 13 of the Dungeon on Apr 6, 2019.
             The game lasted 01:40:26 (30197 turns).

Norn the Fighter (Grey Draconian Transmuter)       Turns: 30197, Time: 01:40:26

Health: -7/127     AC: 17    Str: 13    XL:     14   Next: 88%
Magic:  15/25      EV: 18    Int: 24    God:    Makhleb [******]
Gold:   1121       SH:  0    Dex: 11    Spells: 6/28 levels left

rFire    . . .     SeeInvis .     - Unarmed
rCold    . . .     Gourm    .   (shield currently unavailable)
rNeg     . . .     Faith    .   (armour unavailable)
rPois    +         Spirit   .   (helmet restricted)
rElec    .         Reflect  .   A - +2 cloak {MR+}
rCorr    .         Harm     .   (gloves currently unavailable)
MR       ++...                  n - +0 pair of boots
Stlth    +.........             p - amulet of rage
HPRegen  0.31/turn              J - ring of poison resistance
MPRegen  0.19/turn              y - +5 ring of intelligence

@: blade hands (expiring)
A: walk through water, unfitting armour, unbreathing, cold-blooded, AC +13
a: End Transformation, Minor Destruction, Lesser Servant of Makhleb, Major
Destruction, Greater Servant of Makhleb, Renounce Religion, Evoke Berserk Rage


You were on level 13 of the Dungeon.
You worshipped Makhleb.
Makhleb was exalted by your worship.
You were very hungry.
You had blades for hands.
You visited 2 branches of the dungeon, and saw 19 of its levels.
You also visited: Gauntlet.

You collected 1946 gold pieces.
You spent 825 gold pieces at shops.

Inventory:

Hand Weapons
 W - a +5 blowgun
   (You took it off Sonja on level 12 of the Dungeon)
Missiles
 g - 85 poisoned needles
 o - 412 arrows
 O - 5 throwing nets (quivered) {!f}
 Z - 10 curare-tipped needles {!f}
Armour
 n - a +0 pair of boots (worn)
   (You found it on level 2 of the Dungeon)
 A - a +2 cloak of magic resistance (worn)
   (You found it on level 1 of the Dungeon)
 D - a scarf of cloud immunity
   (You found it in a Gauntlet)
 K - a +0 pair of gloves of dexterity (melded)
   (You found it in a Gauntlet)
Jewellery
 h - an uncursed ring of resist corrosion
   (You found it on level 1 of the Dungeon)
 p - an amulet of rage (around neck)
   (You found it on level 2 of the Dungeon)
 y - a +5 ring of intelligence (right scythe-like blade)
   (You found it on level 4 of the Dungeon)
 E - an uncursed amulet of guardian spirit
   (You found it on level 6 of the Dungeon)
 F - an uncursed ring of wizardry
   (You found it on level 6 of the Lair of Beasts)
 G - an uncursed ring of flight
   (You found it on level 6 of the Dungeon)
 J - a ring of poison resistance (left scythe-like blade)
   (You found it on level 9 of the Dungeon)
 R - a +2 ring of protection
   (You found it on level 3 of the Lair of Beasts)
Wands
 c - a wand of disintegration (14)
   (You found it on level 8 of the Dungeon)
 d - a wand of iceblast (17)
   (You found it on level 5 of the Dungeon)
 t - a wand of flame (84)
   (You found it on level 9 of the Dungeon)
 u - a wand of paralysis (15)
   (You found it on level 2 of the Lair of Beasts)
 x - a wand of acid (7)
   (You found it on level 13 of the Dungeon)
 V - a wand of polymorph (8)
   (You found it on level 4 of the Lair of Beasts)
 X - a wand of scattershot (3)
   (You found it on level 5 of the Lair of Beasts)
 Y - a wand of enslavement (11)
   (You found it on level 5 of the Lair of Beasts)
Scrolls
 b - a scroll of immolation {!r}
 f - a scroll of teleportation {@r4}
 i - 5 scrolls of blinking
 j - a scroll of enchant weapon
 m - a scroll of noise {!r}
 r - a scroll of enchant armour
 v - 14 scrolls of remove curse {@r2}
 B - 3 scrolls of amnesia
 C - 6 scrolls of fog
 U - a scroll of summoning {unknown}
Potions
 a - a potion of resistance
 k - 3 potions of berserk rage
 l - 5 potions of curing {@q1}
 q - a potion of mutation {!q}
 s - 3 potions of ambrosia
 w - 4 potions of lignification {!q}
 z - 3 potions of agility
 H - 3 potions of flight
 I - 2 potions of invisibility
 M - a potion of cancellation
 N - 4 potions of magic
 P - 3 potions of might
 Q - 6 potions of haste {@q3}
Miscellaneous
 T - a lightning rod (4/4) {!a}
   (You found it on level 3 of the Lair of Beasts)
Comestibles
 e - 36 rations {!d}
 L - 8 chunks of flesh


   Skills:
 - Level 12.4 Fighting
 + Level 11.7 Dodging
 - Level 10.0 Unarmed Combat
 - Level 7.9 Spellcasting
 * Level 11.5 Transmutations
 * Level 12.1 Earth Magic
 - Level 7.0 Invocations


You had 6 spell levels left.
You knew the following spells:

 Your Spells              Type           Power        Failure   Level  Hunger
a - Blade Hands           Tmut           ######....   19%         5    #####..
b - Spider Form           Tmut/Pois      #####.....   21%         3    None
c - Ice Form              Ice/Tmut       #####...     36%         4    ##.....
d - Blink                 Tloc           N/A          45%         2    None
s - Sticks to Snakes      Tmut           ######..     7%          2    None
x - Statue Form           Tmut/Erth      ######...    41%         6    ######.

Your spell library contained the following spells:

 Spells                   Type           Power        Failure   Level  Hunger
 Beastly Appendage        Tmut           ######       6%          1    None
 Petrify                  Tmut/Erth      ######..     12%         4    ##.....
 Animate Skeleton         Necr           N/A          38%         1    None
 Confusing Touch          Hex            #.....       38%         1    None
 Freeze                   Ice            #...         38%         1    None
 Infusion                 Chrm           #...         38%         1    None
 Magic Dart               Conj           #...         38%         1    None
 Hydra Form               Tmut           ######....   43%         6    ######.
 Call Imp                 Summ           #.......     45%         2    None
 Slow                     Hex            #.......     45%         2    None
 Throw Frost              Conj/Ice       #.....       45%         2    None
 Irradiate                Conj/Tmut      #####.....   58%         5    #####..
 Yara's Violent Unravell  Hex/Tmut       #####.....   58%         5    #####..
 Confuse                  Hex            #.......     63%         3    None
 Conjure Flame            Conj/Fire      #.......     63%         3    None
 Gell's Gravitas          Tloc           #.........   63%         3    None
 Mephitic Cloud           Conj/Pois/Air  #.......     63%         3    None
 Ozocubu's Armour         Chrm/Ice       #.......     63%         3    None
 Regeneration             Chrm/Necr      #.........   63%         3    None
 Spectral Weapon          Hex/Chrm       #.......     63%         3    None
 Cause Fear               Hex            #.........   89%         4    ##.....
 Summon Ice Beast         Ice/Summ       #.......     89%         4    ##.....
 Throw Icicle             Conj/Ice       #.......     89%         4    ##.....
 Metabolic Englaciation   Hex/Ice        #.........   99%         5    #####..
 Silence                  Hex/Air        #.........   99%         5    #####..
 Deflect Missiles         Chrm/Air       #.........   100%        6    ######.
 Dragon Form              Tmut           ######....   83%         7    #######
 Ring of Flames           Chrm/Fire      #.........   100%        7    #######
 Discord                  Hex            #.........   100%        8    #######


Dungeon Overview and Level Annotations

Branches:
Dungeon (13/15)            Temple (0/1) D:7            Lair (6/6) D:10
 Shoals (0/4) Lair:4       Spider (0/4) Lair:4        Slime (0/5) Lair:6
    Orc (0/2) D:9          Vaults (0/5) D:13

Altars:
Cheibriados
Dithmenos
Elyvilon
Fedhas
Hepliaklqana
Makhleb
Okawaru
Ru
Trog
Vehumet
Yredelemnul
Zin

Shops:
D:10 [*

Portals:
Hell: Lair:6

Annotations:
D:7 2 runed translucent doors, Crazy Yiuf
D:12 fire Vault
D:13 Jorgrun


Innate Abilities, Weirdness & Mutations

You can walk through water.
Your dull iron-grey scales are very hard. (AC +13)
You cannot fit into any form of body armour.
You can survive without breathing.
You are cold-blooded and may be slowed by cold attacks.


Message History

Your hands turn into razor-sharp scythe blades.
Your +0 pair of gloves of dexterity melds into your body.
You feel clumsy.
Jorgrun points at you and mumbles some strange words.
The wall shatters!
The blast of rock fragments hits you!!
* * * LOW HITPOINT WARNING * * *
Some rock shatters into small pieces.
Some rock shatters into small pieces.
Jorgrun points at you and mumbles some strange words.
You easily resist.
You barely miss Jorgrun. Jorgrun gestures at you while chanting.
You easily resist.
You closely miss Jorgrun. You slash Jorgrun!
Jorgrun points at you and mumbles some strange words.
You easily resist.
You barely miss Jorgrun.
You tail-slap Jorgrun, but do no damage.
Your transformation is almost over.
Jorgrun barely misses you.
You hit Jorgrun. Jorgrun hits you but does no damage.
You barely miss Jorgrun. You slice Jorgrun!!
Jorgrun hits you with an uncursed staff of earth!
* * * LOW HITPOINT WARNING * * *
Jorgrun crushes you!
* * * LOW HITPOINT WARNING * * *
You hit Jorgrun. Jorgrun closely misses you.
You slice Jorgrun!!
You are feeling very hungry.
Jorgrun points at you and mumbles some strange words.
The iron shot hits you!
* * * LOW HITPOINT WARNING * * *
You slash Jorgrun! You hit Jorgrun.
You tail-slap Jorgrun, but do no damage.
Jorgrun hits you with an uncursed staff of earth.
* * * LOW HITPOINT WARNING * * *
Jorgrun crushes you!
* * * LOW HITPOINT WARNING * * *
Okay, then.
Okay, then.
You create a snake!
You now have 414 arrows.
Jorgrun misses you.
Casting: Sticks to Snakes (safe; 7% risk of failure)
You create 2 snakes!
You now have 412 arrows.
Jorgrun hits you with an uncursed staff of earth!
* * * LOW HITPOINT WARNING * * *
Jorgrun crushes you!
You die...

#........# #........#
#...?....# #'## #..##
##..# #.
###..S####### #.#
#.SSg.......# #.#
##...@.......# #.#
#............# #.#
#.#...........# #.###
#.
#...........#####.#..
#...................#
#...........#####.###
#####.####### #.# #.#
#)# #.## #.#


You could see Jorgrun, 2 friendly water moccasins and a friendly adder.

Vanquished Creatures
  A dire elephant (Lair:6)
  A death ooze (Gauntlet)
  Snorg (Lair:4)
  Harold (D:9)
  5 hydras
  4 vault guards
  A death knight (D:12)
  A catoblepas (Lair:3)
  2 two-headed ogres (D:11)
  A centaur warrior (D:10)
  9 death yaks
  Sonja (D:12)
  A sixfirhy (Lair:6)
  11 skeletal warriors
  An unseen horror (D:13)
  2 wizards
  An orc knight (D:11)
  An orb spider (Lair:4)
  2 ugly things (D:11)
  An oklob plant (D:10)
  2 cyclopes
  A manticore (D:13)
  A moth of wrath (Gauntlet)
  Maurice (D:12)
  5 black mambas
  A merfolk siren (Lair:4)
  12 spiny frogs
  A kobold demonologist (D:11)
  4 rime drakes
  4 orange demons (Lair:6)
  An ice devil (Lair:6)
  A freezing wraith (D:12)
  2 komodo dragons
  A red devil (Lair:6)
  A hellwing (Lair:6)
  A tengu conjurer (D:13)
  3 trolls
  Prince Ribbit (D:6)
  9 blink frogs
  3 hornets
  5 dream sheep (Lair:5)
  6 hippogriffs
  5 small abominations (Gauntlet)
  A large abomination (Gauntlet)
  A shadow (D:13)
  2 redbacks (Gauntlet)
  A wraith (D:11)
  46 yaks
  2 wyverns
  3 hogs (D:7)
  A human (D:7)
  Grum (D:11)
  3 basilisks
  2 hungry ghosts
  A steam dragon (D:11)
  Menkaure (D:7)
  3 vampire mosquitoes (D:11)
  A warg (D:9)
  A soldier ant (D:11)
  4 hell hounds (Lair:6)
  15 water moccasins
  3 porcupines
  9 orc warriors
  3 ice beasts
  5 sky beasts
  3 black bears
  17 centaurs
  3 wolves (D:11)
  A necrophage (D:11)
  8 ogres
  15 crocodiles
  A big kobold (D:11)
  12 bullfrogs
  2 scorpions
  10 killer bees
  A wight (D:11)
  3 howler monkeys
  4 electric eels
  3 crimson imps
  5 centaur zombies
  3 hounds
  15 orc wizards
  A bullfrog zombie (D:10)
  12 orc priests
  2 jellies
  2 centaur skeletons
  5 iguanas
  6 hell rats (Lair:6)
  10 worker ants
  A hound skeleton (D:4)
  A worker ant zombie (D:11)
  12 adders
  8 shadow imps
  An ooze (D:3)
  An adder zombie (D:8)
  3 worms
  2 dart slugs
  5 leopard geckos
  59 orcs
  2 ball pythons
  8 giant cockroaches
  8 goblins
  8 hobgoblins
  11 jackals
  A quokka (D:2)
  5 bats
  2 frilled lizards
  14 kobolds
  15 rats
  A spectral orc (D:9)
  A fungus (Lair:2)
  A plant (D:10)
542 creatures vanquished.

Vanquished Creatures (collateral kills)
  A minotaur (Gauntlet)
  3 hydras
  A howler monkey zombie (D:6)
5 creatures vanquished.

Vanquished Creatures (others)
  A killer bee (D:12)
  2 fungi (Lair:6)
  6 plants (Lair:6)
  4 toadstools (D:1)
13 creatures vanquished.

Grand Total: 560 creatures vanquished

Notes
Turn   | Place    | Note
-------+----------+-------------------------------------------
     0 | D:1      | Norn the Draconian Transmuter began the quest for the Orb.
     0 | D:1      | Reached XP level 1. HP: 16/16 MP: 3/3
   139 | D:1      | Reached XP level 2. HP: 22/23 MP: 3/5
  1172 | D:2      | Found a white marble altar of Elyvilon.
  1220 | D:2      | Reached XP level 3. HP: 27/29 MP: 4/6
  1362 | D:2      | Found a hazy altar of Hepliaklqana.
  1789 | D:2      | Found a snail-covered altar of Cheibriados.
  1982 | D:2      | Found a burning altar of Makhleb.
  1997 | D:2      | Reached XP level 4. HP: 28/37 MP: 7/7
  2081 | D:2      | Became a worshipper of Makhleb the Destroyer
  2703 | D:3      | Reached skill level 5 in Unarmed Combat
  2703 | D:3      | Reached XP level 5. HP: 15/45 MP: 8/8
  3004 | D:2      | Learned a level 2 spell: Sticks to Snakes
  3683 | D:4      | Reached * piety under Makhleb
  3991 | D:4      | Reached XP level 6. HP: 28/52 MP: 9/9
  4492 | D:5      | Entered Level 5 of the Dungeon
  4492 | D:5      | Noticed a sky beast
  4575 | D:5      | Learned a level 3 spell: Spider Form
  4877 | D:4      | Killed a sky beast
  5428 | D:5      | Noticed a sky beast
  5450 | D:5      | Killed a sky beast
  5450 | D:5      | Your scales start taking on a dull iron-grey colour.
  5450 | D:5      | Reached XP level 7. HP: 44/60 MP: 10/10
  5450 | D:5      | Gained mutation: You can survive without breathing. [Grey
                  | Draconian growth]
  6269 | D:6      | Reached skill level 5 in Transmutations
  6431 | D:6      | Reached skill level 5 in Fighting
  6559 | D:6      | Noticed Prince Ribbit
  6697 | D:6      | HP: 3/61 [Prince Ribbit (11)]
  6992 | D:6      | Found a glowing silver altar of Zin.
  7008 | D:6      | Killed Prince Ribbit
  7008 | D:6      | Reached XP level 8. HP: 68/68 MP: 6/11
  7476 | D:6      | Found a shadowy altar of Dithmenos.
  7505 | D:7      | Noticed Menkaure
  7527 | D:7      | Killed Menkaure
  7584 | D:7      | Reached ** piety under Makhleb
  7999 | D:7      | Found a radiant altar of Vehumet.
  8035 | D:7      | Got a transparent hand axe
  8052 | D:7      | Identified the +6 hand axe "Peafeg" {chop, Str+6} (You
                  | found it on level 7 of the Dungeon)
  8087 | D:7      | Found a staircase to the Ecumenical Temple.
  8166 | D:7      | Reached XP level 9. HP: 42/77 MP: 9/12
  8556 | D:7      | Found a runed translucent door.
  8556 | D:7      | Noticed a sixfirhy
  8874 | D:7      | Found a runed translucent door.
  8875 | D:7      | Noticed Crazy Yiuf
  9023 | D:8      | Found a burning altar of Makhleb.
 10449 | D:9      | Noticed Harold
 10699 | D:9      | Found a staircase to the Orcish Mines.
 10811 | D:9      | Reached *** piety under Makhleb
 11277 | D:9      | Found a basalt altar of Yredelemnul.
 11401 | D:9      | Reached XP level 10. HP: 77/88 MP: 9/13
 11454 | D:10     | Entered Level 10 of the Dungeon
 11468 | D:10     | Noticed a cyclops
 11487 | D:10     | Killed a cyclops
 11537 | D:10     | Learned a level 5 spell: Blade Hands
 11550 | D:10     | Reached skill level 10 in Transmutations
 11584 | D:10     | Found Vicazit's Changing Room.
 11652 | D:10     | Noticed a seven-headed hydra
 11787 | D:10     | Noticed an oklob plant
 11788 | D:10     | Found a staircase to the Lair.
 12420 | D:10     | Noticed a centaur warrior
 12421 | D:10     | Found Pyos's Armour Boutique.
 12543 | D:10     | Killed an oklob plant
 12768 | D:10     | Killed a centaur warrior
 12804 | Lair:1   | Entered Level 1 of the Lair of Beasts
 13094 | Lair:1   | Reached **** piety under Makhleb
 13461 | Lair:1   | Learned a level 4 spell: Ice Form
 13464 | Lair:1   | Learned a level 2 spell: Blink
 13560 | Lair:1   | Reached skill level 5 in Dodging
 13666 | Lair:1   | Reached XP level 11. HP: 57/99 MP: 14/17
 13699 | Lair:1   | Reached skill level 10 in Fighting
 13895 | Lair:1   | Reached skill level 1 in Invocations
 15104 | Lair:2   | Reached skill level 5 in Invocations
 15475 | Lair:2   | Noticed an eight-headed hydra
 15484 | Lair:2   | Killed an eight-headed hydra
 16043 | Lair:3   | Found a gate leading to a gauntlet.
 16052 | Gauntlet | Entered a Gauntlet
 16052 | Gauntlet | Found a transporter.
 16057 | Gauntlet | Found a transporter.
 16059 | Gauntlet | Found a transporter.
 16061 | Gauntlet | Noticed a death ooze
 16075 | Gauntlet | Found a transporter.
 16077 | Gauntlet | Found a transporter.
 16079 | Gauntlet | Noticed a glowing orange brain
 16080 | Gauntlet | Noticed a red ugly thing
 16082 | Gauntlet | Noticed a white ugly thing
 16088 | Gauntlet | Found a transporter.
 16117 | Gauntlet | Found a transporter.
 16127 | Gauntlet | Found a transporter.
 16136 | Gauntlet | Noticed a ghost crab
 16139 | Gauntlet | Found a transporter.
 16156 | Gauntlet | Found a transporter.
 16163 | Gauntlet | Found a transporter.
 16164 | Gauntlet | Noticed an oklob plant
 16167 | Gauntlet | Found a transporter.
 16303 | Gauntlet | Found a transporter.
 16323 | Gauntlet | Killed a death ooze
 16323 | Gauntlet | Reached skill level 10 in Unarmed Combat
 16617 | Gauntlet | Noticed a minotaur
 16627 | Gauntlet | HP: 3/99 [minotaur/javelin of penetration (4)]
 16641 | Gauntlet | HP: 1/99 [minotaur/+2 hand axe of freezing (4)]
 16657 | Gauntlet | Killed a minotaur
 17005 | Gauntlet | Identified the Almanac of Dark Talismans
 17031 | Lair:3   | Noticed a catoblepas
 17045 | Lair:3   | Killed a catoblepas
 17045 | Lair:3   | Reached XP level 12. HP: 82/106 MP: 14/18
 17992 | Lair:4   | Reached skill level 5 in Spellcasting
 18121 | Lair:4   | Noticed Snorg
 18141 | Lair:4   | Killed Snorg
 18652 | Lair:4   | Found a hole to the Spider Nest.
 18824 | Lair:4   | Noticed a death yak
 18836 | Lair:4   | Killed a death yak
 18868 | Lair:4   | Noticed a death yak
 18871 | Lair:4   | Noticed a death yak
 18879 | Lair:4   | Killed a death yak
 18892 | Lair:4   | Killed a death yak
 18913 | Lair:4   | Found a staircase to the Shoals.
 19049 | Lair:4   | Noticed a six-headed hydra
 19058 | Lair:4   | Killed a six-headed hydra
 19621 | Lair:5   | Reached ***** piety under Makhleb
 19708 | Lair:5   | Noticed a six-headed hydra
 19718 | Lair:5   | Killed a six-headed hydra
 20264 | Lair:6   | Entered Level 6 of the Lair of Beasts
 20264 | Lair:6   | Noticed an eight-headed hydra
 20317 | Lair:5   | Reached XP level 13. HP: 117/117 MP: 18/23
 21468 | D:10     | Bought a book of Transfigurations for 825 gold pieces
 21475 | D:10     | Learned a level 6 spell: Statue Form
 21589 | D:10     | Reached skill level 1 in Earth Magic
 22289 | Lair:6   | Reached skill level 10 in Dodging
 22455 | Lair:6   | Reached skill level 5 in Earth Magic
 22663 | Lair:6   | Noticed a dire elephant
 22685 | Lair:6   | Killed a dire elephant
 22980 | Lair:6   | Found a burning altar of Makhleb.
 23741 | Lair:6   | Found a staircase to the Slime Pits.
 24119 | Lair:6   | Found a gateway to Hell.
 24441 | D:11     | Noticed Grum
 24449 | D:11     | Killed Grum
 24654 | D:11     | Reached XP level 14. HP: 44/127 MP: 21/25
 25380 | D:11     | Reached skill level 10 in Earth Magic
 25422 | D:11     | Reached ****** piety under Makhleb
 25583 | D:11     | Found an iron altar of Okawaru.
 25617 | D:11     | Found a bloodstained altar of Trog.
 25665 | D:11     | Found a sacrificial altar of Ru.
 25665 | D:11     | Found a blossoming altar of Fedhas.
 25929 | D:11     | Paralysed by a hornet for 3 turns
 26404 | D:9      | Killed Harold
 28227 | D:12     | Noticed Sonja
 28239 | D:12     | Killed Sonja
 28980 | D:12     | Noticed Maurice
 28987 | D:12     | Killed Maurice
 29419 | D:13     | Found a gate to the Vaults.
 30168 | D:13     | Noticed Jorgrun
 30197 | D:13     | HP: 3/127 [Jorgrun/uncursed staff of earth (15)]
 30197 | D:13     | Mangled by Jorgrun

Skill      XL: |  1  2  3  4  5  6  7  8  9 10 11 12 13 14 |
---------------+-------------------------------------------+-----
Fighting       | 2 3 4 5 6 7 9 10 11 12 | 12.4
Unarmed Combat | 4 5 6 7 9 10 | 10.0
Transmutations | 3 4 5 7 9 10 11 | 11.5
Dodging        | 5 7 9 10 11 | 11.7
Spellcasting   | 4 7 |  7.9
Invocations    | 7 |  7.0
Earth Magic    | 8 12 | 12.1

Action                   |  1- 3 |  4- 6 |  7- 9 | 10-12 | 13-15 || total
-------------------------+-------+-------+-------+-------+-------++-------
Melee: Unarmed           |    81 |     5 |   193 |   455 |   771 ||  1505
       Kick              |     6 |       |       |       |       ||     6
       Tailslap          |    14 |    29 |    18 |    47 |    81 ||   189
       Headbutt          |     3 |     1 |       |       |       ||     4
       Punch             |     4 |     2 |     2 |    15 |    25 ||    48
       Dagger            |    48 |   219 |   197 |    61 |       ||   525
 Fire: Blowgun           |       |       |       |       |    28 ||    28
Throw: Stone             |     1 |     1 |       |     2 |       ||     4
 Cast: Beastly Appendage |    15 |     2 |     1 |       |       ||    18
       Sticks to Snakes  |       |       |     3 |    25 |    12 ||    40
       Spider Form       |       |       |    33 |    28 |       ||    61
       Blade Hands       |       |       |       |    34 |    73 ||   107
       Ice Form          |       |       |       |     3 |     1 ||     4
       Blink             |       |       |       |       |     3 ||     3
       Statue Form       |       |       |       |       |     2 ||     2
Invok: Lesser Servant of |       |       |       |     2 |     2 ||     4
       Minor Destruction |       |       |       |       |     3 ||     3
 Abil: End Transformatio |       |       |       |     2 |     9 ||    11
Evoke: Wand              |       |       |       |     3 |    10 ||    13
  Use: Scroll            |       |     3 |     7 |    10 |    13 ||    33
       Potion            |       |       |     1 |     4 |     1 ||     6
 Stab: Sleeping          |     2 |     1 |       |       |       ||     3
       Distracted        |       |       |       |     1 |       ||     1
       Paralysed         |       |       |       |       |     3 ||     3
  Eat: Chunk             |     3 |    12 |    16 |    30 |    34 ||    95
       Ration            |       |       |     2 |     3 |     5 ||    10
Armor: Skin              |    57 |    76 |    90 |    83 |   265 ||   571
Dodge: Dodged            |   102 |   134 |   319 |   297 |   692 ||  1544
